 Dungeon Crawl Stone Soup version 0.29-a0-251-g80730f7218 (webtiles) character file.

Game seed: 10742281357037323606

190 dolemite99 the Gusty (level 5, -11/37 HPs)
             Began as a Gnoll Air Elementalist on Mar 5, 2022.
             Was a Believer of Qazlal.
             Mangled by Menkaure (20 damage)
             ... on level 4 of the Dungeon.
             The game lasted 00:05:12 (5012 turns).

dolemite99 the Gusty (Gnoll Air Elementalist)       Turns: 5012, Time: 00:05:12

Health: -11/37     AC:  3    Str:  9    XL:     5   Next: 69%
Magic:  6/12       EV: 13    Int: 15    God:    Qazlal [**....]
Gold:   106        SH:  2    Dex: 12    Spells: 4/14 levels left

rFire   . . .      SeeInvis .   h - +2 dagger (elec)
rCold   . . .      Faith    .   (no shield)
rNeg    . . .      Spirit   .   a - +0 robe
rPois   .          Reflect  .   (no helmet)
rElec   .          Harm     .   c - +0 cloak
rCorr   .          Rampage  .   (no gloves)
Will    .....                   (no boots)
Stlth   ++........              (no amulet)
HPRegen 0.12/turn               (no ring)
MPRegen 0.13/turn               (no ring)

@: very slightly contaminated
A: fangs 1, strong nose, distributed training
a: Renounce Religion, Upheaval


You were on level 4 of the Dungeon.
You worshipped Qazlal.
Qazlal was pleased with you.
You visited 1 branch of the dungeon, and saw 4 of its levels.

You collected 106 gold pieces.

Inventory:

Hand Weapons
 h - a +2 dagger of electrocution (weapon)
 n - a +0 dagger of venom
Missiles
 e - 142 stones
 m - 6 javelins
 r - 6 boomerangs
Armour
 a - a +0 robe (worn)
 c - a +0 cloak (worn)
 t - a +0 buckler
Magical Staves
 w - a staff of cold
Scrolls
 d - 2 scrolls of holy word {unknown}
 f - 2 scrolls of blinking {unknown}
 j - a scroll of amnesia {unknown}
 l - a scroll of vulnerability {unknown}
 o - a scroll of identify {unknown}
 s - a scroll of acquirement {unknown}
 x - a scroll of fear {unknown}
Potions
 b - a potion of resistance {unknown}
 g - 2 potions of heal wounds {unknown}
 i - 3 potions of might {unknown}
 k - 3 potions of curing {unknown}
 p - a potion of lignification {unknown}
 q - a potion of haste {unknown}
 u - 2 potions of attraction {unknown}
 v - 2 potions of mutation {unknown}


   Skills:
 + Level 1.6 Fighting
 + Level 1.6 Short Blades
 + Level 1.6 Long Blades
 + Level 1.6 Axes
 + Level 1.6 Maces & Flails
 + Level 1.6 Polearms
 + Level 1.6 Staves
 + Level 1.6 Slings
 + Level 1.6 Bows
 + Level 1.6 Crossbows
 + Level 1.6 Throwing
 + Level 1.6 Armour
 + Level 4.8 Dodging
 + Level 4.4 Stealth
 + Level 1.6 Shields
 + Level 1.6 Unarmed Combat
 + Level 5.2 Spellcasting
 + Level 2.4 Conjurations
 + Level 1.2 Hexes
 + Level 1.2 Summonings
 + Level 1.2 Necromancy
 + Level 1.2 Translocations
 + Level 1.2 Transmutations
 + Level 1.2 Fire Magic
 + Level 1.2 Ice Magic
 + Level 5.5 Air Magic
 + Level 1.2 Earth Magic
 + Level 1.2 Poison Magic
 + Level 1.8 Invocations
 + Level 1.6 Evocations


You had 4 spell levels left.
You knew the following spells:

 Your Spells              Type           Power      Damage    Failure   Level
a - Shock                 Conj/Air       64%        1d7       3%          1
b - Sandblast             Erth           14%        2d6       10%         1
c - Static Discharge      Conj/Air       16%        N/A       4%          2
d - Swiftness             Air            20%        N/A       4%          3
e - Stone Arrow           Conj/Erth      18%        3d8       22%         3

Your spell library contained the following spells:

 Spells                   Type           Power      Damage    Failure   Level
 Beastly Appendage        Tmut           14%        N/A       10%         1
 Freeze                   Ice            28%        1d5       10%         1
 Passwall                 Tmut/Erth      5%         N/A       14%         2
 Airstrike                Air            10%        N/A       16%         4
 Frozen Ramparts          Ice            14%        1d3       28%         3
 Summon Ice Beast         Ice/Summ       7%         N/A       67%         4
 Irradiate                Conj/Tmut      4%         3d15      90%         5
 Blade Hands              Tmut           3%         N/A       95%         5
 Simulacrum               Ice/Necr       3%         N/A       100%        6
 Dragon Form              Tmut           3%         N/A       100%        7


Dungeon Overview and Level Annotations

Branches:
Dungeon (4/15)             Temple (0/1) D:4

Altars:
Qazlal

Shops:
D:2 [

Annotations:
D:4 Menkaure


Innate Abilities, Weirdness & Mutations

You have very sharp teeth.
Your uncanny sense of smell can sniff out nearby items.
Your experience applies equally to all skills.


Message History

You bite the giant cockroach, but do no damage.
The giant cockroach is almost dead.
The giant cockroach closely misses you.
You hit the giant cockroach.
The giant cockroach is almost dead.
The giant cockroach closely misses you.
You hit the giant cockroach.
You kill the giant cockroach!
Qazlal accepts your kill.
x - a scroll labelled UNEIMU XENWUT You open the door.
There is an open door here.
Menkaure, Prince of Dust comes into view.
Menkaure is nearby!
Menkaure hits you!
Casting: Shock (safe; 3% risk of failure)
Confirm with . or Enter, or press ? or * to list all spells.
You miscast Static Discharge.
You are very lightly contaminated with residual magic.
Nothing appears to happen.
Menkaure mumbles some strange words.
Menkaure seems to speed up.
Unknown command.
Casting: Static Discharge (safe; 4% risk of failure)
Confirm with . or Enter, or press ? or * to list all spells.
Menkaure is struck by an arc of lightning.
Menkaure is lightly damaged.
You are struck by an arc of lightning.
The lightning grounds out.
Menkaure calls on the powers of darkness!
Your body is wracked with pain!
* * * LOW HITPOINT WARNING * * *
Casting: Static Discharge (safe; 4% risk of failure)
Confirm with . or Enter, or press ? or * to list all spells.
Menkaure is struck by an arc of lightning!
Menkaure is heavily damaged.
You are struck by an arc of lightning.
* * * LOW HITPOINT WARNING * * *
The lightning grounds out.
Menkaure hits you!!
Ouch! That really hurt!
You die...

#########
######....####
#....'....##..
#.####....##..
#.# #.....'..
#.# #....##..
#.# #....####
######.#
######
#.@....# ∆
#M###### #. ..
..# #.. #..
##.


You could see Menkaure (fast).

Vanquished Creatures
  A howler monkey (D:4)
  4 gnolls
  4 adders
  2 dart slugs
  2 orcs
  5 bats (D:1)
  3 endoplasms (D:1)
  5 giant cockroaches
  4 goblins
  8 hobgoblins
  7 jackals
  7 kobolds
  3 quokkas
  3 ball pythons
  3 frilled lizards (D:2)
  5 rats
66 creatures vanquished.

Notes
Turn   | Place    | Note
-------+----------+-------------------------------------------
     0 | D:1      | dolemite99 the Gnoll Air Elementalist began the quest for
                  | the Orb.
     0 | D:1      | Reached XP level 1. HP: 13/13 MP: 6/6
   158 | D:1      | Reached XP level 2. HP: 13/19 MP: 4/7
   754 | D:1      | Found a faded altar of an unknown god.
   992 | D:1      | Prayed at the altar of an unknown god.
   992 | D:1      | Became a worshipper of Qazlal Stormbringer
   992 | D:1      | Reached * piety under Qazlal
  1234 | D:1      | Reached XP level 3. HP: 21/25 MP: 5/9
  1407 | D:2      | Found Meluuc's Antique Armour Emporium.
  1444 | D:2      | Reached skill level 5 in Spellcasting
  1611 | D:2      | Learned a level 2 spell: Static Discharge
  1657 | D:2      | Reached skill level 1 in Invocations
  2028 | D:2      | Reached skill level 1 in Fighting
  2028 | D:2      | Reached skill level 1 in Short Blades
  2028 | D:2      | Reached skill level 1 in Long Blades
  2028 | D:2      | Reached skill level 1 in Axes
  2028 | D:2      | Reached skill level 1 in Maces & Flails
  2028 | D:2      | Reached skill level 1 in Polearms
  2028 | D:2      | Reached skill level 1 in Staves
  2028 | D:2      | Reached skill level 1 in Slings
  2028 | D:2      | Reached skill level 1 in Bows
  2028 | D:2      | Reached skill level 1 in Crossbows
  2028 | D:2      | Reached skill level 1 in Throwing
  2028 | D:2      | Reached skill level 1 in Armour
  2028 | D:2      | Reached skill level 1 in Shields
  2028 | D:2      | Reached skill level 1 in Unarmed Combat
  2028 | D:2      | Reached skill level 1 in Evocations
  2118 | D:2      | Reached XP level 4. HP: 32/32 MP: 8/11
  2552 | D:2      | Learned a level 3 spell: Swiftness
  2554 | D:2      | Learned a level 1 spell: Sandblast
  2558 | D:2      | Learned a level 3 spell: Stone Arrow
  3043 | D:3      | Reached ** piety under Qazlal
  3052 | D:3      | Reached skill level 1 in Hexes
  3052 | D:3      | Reached skill level 1 in Summonings
  3052 | D:3      | Reached skill level 1 in Necromancy
  3052 | D:3      | Reached skill level 1 in Translocations
  3052 | D:3      | Reached skill level 1 in Transmutations
  3052 | D:3      | Reached skill level 1 in Fire Magic
  3052 | D:3      | Reached skill level 1 in Ice Magic
  3052 | D:3      | Reached skill level 1 in Earth Magic
  3052 | D:3      | Reached skill level 1 in Poison Magic
  3178 | D:3      | Got the Tome of Ice and Shape Shifting
  3570 | D:2      | Reached XP level 5. HP: 10/37 MP: 4/12
  4790 | D:4      | Found a staircase to the Ecumenical Temple.
  5008 | D:4      | Noticed Menkaure
  5012 | D:4      | Mangled by Menkaure

Illustrated notes

Levels and vault maps discovered:
D:1:      dpeg_arrival_simpleton_c, layout_basic,
          ebering_ecumenical_altar_petrified, serial_bayou_ford_a, minivault_27
D:2:      layout_basic, serial_shops, nicolae_shop_behind_doors, serial_forest,
          infiniplex_forest_zigzag_2, infiniplex_forest_side_room,
          infiniplex_forest_lined_3, infiniplex_forest_lined_3_way,
          infiniplex_forest_straight_2, infiniplex_forest_lined_2,
          infiniplex_forest_corner_1, minmay_puff
D:3:      layout_basic, supply_closet_lemuel
D:4:      layout_basic, minmay_temple_entry_grid, uniq_menkaure

Skill      XL: |  1  2  3  4 |
---------------+-------------+-----
Conjurations   | 2 |  2.4
Spellcasting   | 5 |  5.2
Invocations    | 1 |  1.8
Fighting       | 1 |  1.6
Short Blades   | 1 |  1.6
Long Blades    | 1 |  1.6
Axes           | 1 |  1.6
Maces & Flails | 1 |  1.6
Polearms       | 1 |  1.6
Staves         | 1 |  1.6
Slings         | 1 |  1.6
Bows           | 1 |  1.6
Crossbows      | 1 |  1.6
Throwing       | 1 |  1.6
Armour         | 1 |  1.6
Shields        | 1 |  1.6
Unarmed Combat | 1 |  1.6
Evocations     | 1 |  1.6
Hexes          | 1 |  1.2
Summonings     | 1 |  1.2
Necromancy     | 1 |  1.2
Translocations | 1 |  1.2
Transmutations | 1 |  1.2
Fire Magic     | 1 |  1.2
Ice Magic      | 1 |  1.2
Earth Magic    | 1 |  1.2
Poison Magic   | 1 |  1.2
Dodging        | |  4.8
Stealth        | |  4.4
Air Magic      | |  5.5

Action                   |  1- 3 |  4- 6 || total
-------------------------+-------+-------++-------
Melee: Dagger            |    24 |    19 ||    43
       Punch             |       |     2 ||     2
       Bite              |       |     1 ||     1
 Cast: Shock             |    72 |    51 ||   123
       Sandblast         |       |     7 ||     7
       Static Discharge  |       |     8 ||     8
Armor: Robe              |    12 |     7 ||    19
Dodge: Dodged            |    26 |    24 ||    50
Block: Other             |     1 |     6 ||     7

Table legend: (Time is in decaauts)
 A = Elapsed time spent in this place.
 B = Non-inter-level travel time spent in this place.
 C = Inter-level travel time spent in this place.
 D = Time resting spent in this place.
 E = Time spent auto-exploring this place.
 F = Levels seen in this place.
 G = Mean time per level.
                   A        B        C        D        E       F      G
               +--------+--------+--------+--------+--------+-----+--------+
         Total |   5019 |   4718 |    301 |   1629 |   2374 |   4 | 1254.8 |
       Dungeon |   5019 |   4718 |    301 |   1629 |   2374 |   4 | 1254.8 |
               +--------+--------+--------+--------+--------+-----+--------+

Top non-repeatable levels by time:
     D:2: 2298 daAuts
     D:1: 1334 daAuts
     D:3: 1139 daAuts
     D:4: 246 daAuts
